 Seeded DCSS version 0.29.1-15-g9cfb28693d (webtiles) character file.

Game seed: 16835932122690736197 (custom seed)

166 Gelion the Grave Robber (level 5, -3/38 HPs)
             Began as a Mummy Necromancer on Mar 25, 2023.
             Slain by an orc wizard
             ... wielding a +0 dagger
              (4 damage)
             ... on level 3 of the Dungeon.
             The game lasted 00:06:57 (2511 turns).

Gelion the Grave Robber (Mummy Necromancer)         Turns: 2511, Time: 00:06:58

Health: -3/38      AC:  2    Str: 12    XL:     5   Next: 22%
Magic:  8/10       EV: 12    Int: 16    God:
Gold:   118        SH:  0    Dex: 12    Spells: 7/11 levels left

rFire   . . .      SeeInvis .   l - staff of death
rCold   . . .      Faith    .   (no shield)
rNeg    + + +      Spirit   .   a - +0 robe
rPois   ∞          Reflect  .   (no helmet)
rElec   .          Harm     .   (no cloak)
rCorr   .          Rampage  .   (no gloves)
Will    .....                   (no boots)
Stlth   ++........              k - amulet of the acrobat
HPRegen 0.12/turn               d - ring of fire
MPRegen 0.12/turn               (no ring)

@: studying Short Blades
A: cold resistance 1, negative energy resistance 3, torment resistance 2, heat
vulnerability 1, in touch with death 1, no potions
a: no special abilities


You were on level 3 of the Dungeon.
You visited 1 branch of the dungeon, and saw 3 of its levels.

You collected 118 gold pieces.

Inventory:

Armour
 a - a +0 robe (worn)
Magical Staves
 l - a staff of death (weapon)
Jewellery
 d - a ring of fire (left hand)
 k - an amulet of the acrobat (around neck)
Wands
 m - a wand of polymorph (10)
Scrolls
 b - a scroll of torment {unknown}
 c - a scroll of fear {unknown}
 e - 3 scrolls of identify {unknown}
 f - 2 scrolls of magic mapping {unknown}
 h - a scroll of butterflies {unknown}
 j - a scroll of enchant weapon {unknown}


   Skills:
 + Level 2.0 Fighting
 + Level 2.4 Dodging
 + Level 2.5 Stealth
 + Level 3.8 Spellcasting
 + Level 4.6 Necromancy


You had 7 spell levels left.
You knew the following spells:

 Your Spells              Type           Power      Damage    Failure   Level
a - Necrotise             Necr           100%       1d9       2%          1
b - Vampiric Draining     Necr           39%        2d8       8%          3

Your spell library contained the following spells:

 Spells                   Type           Power      Damage    Failure   Level
 Animate Dead             Necr           39%        N/A       26%         4
 Agony                    Necr           39%        N/A       58%         5


Dungeon Overview and Level Annotations

Branches:
Dungeon (3/15)

Altars:
Trog


Innate Abilities, Weirdness & Mutations

You are immune to poison.
Your flesh is cold resistant. (rC+)
You are immune to negative energy. (rN+++)
You are immune to unholy pain and torment.
You are vulnerable to heat. (rF-)
You are in touch with the powers of death.
You do not drink.


Message History

Confirm with . or Enter, or press ? or * to list all spells.
You can't see any susceptible monsters within range! (Use Z to cast anyway.)
You barely miss something.
You hear some strange, mumbled words.
A puff of flame appears from out of thin air!
The puff of flame hits you!
Your orc skeleton misses something.
You closely miss something. Something hits you.
Your orc skeleton hits something but does no damage.
Something hits you.
You hit something.
Your orc skeleton closely misses something.
Something hits you.
You hit something but do no damage.
Your orc skeleton barely misses something.
Something hits you but does no damage.
You hit something but do no damage. Something hits you.
Your orc skeleton closely misses something.
You barely miss something. Something hits you.
* * * LOW HITPOINT WARNING * * *
Your orc skeleton closely misses something.
You hit something. Something hits you.
* * * LOW HITPOINT WARNING * * *
Your orc skeleton hits something but does no damage.
A magic dart appears from out of thin air!
The magic dart hits your orc skeleton!
Your orc skeleton is destroyed!
You hear a shout!
You closely miss something. Something hits you.
* * * LOW HITPOINT WARNING * * *
You hit something. Something hits you.
* * * LOW HITPOINT WARNING * * *
Your orc skeleton closely misses something.
Unknown command.
You hit something. Something hits you but does no damage.
Your orc skeleton misses something.
Casting: Necrotise (safe; 2% risk of failure)
Confirm with . or Enter, or press ? or * to list all spells.
You can't see any susceptible monsters within range! (Use Z to cast anyway.)
You miss something. Something hits you.
You die...

#...........#.# ##..##
#.##........#.#########
#.....
#.#####.#...#.#........
#.#...
#.....#.......#........
#.#...
#####.#.......#........
..#...
#.#....##Z#........
####...
#.#....##)#........
#...
#.###.###Z#........
#...
#.###.###.{@.......
#...
#.......###........
#... ###.....#
#........ #<.. #.....#
###############.##
#.....# !.........#
#.....### ..........#
#.......# ..........##
#####...# ............
#...# ............


You could see a friendly orc skeleton.

Vanquished Creatures
  Terence (D:2)
  Natasha (D:3)
  4 adders (D:2)
  2 dart slugs (D:2)
  2 orcs (D:3)
  3 endoplasms (D:1)
  4 giant cockroaches
  5 goblins
  4 hobgoblins
  2 quokkas (D:1)
  4 ball pythons
  8 bats
  4 frilled lizards
  7 kobolds
  8 rats
59 creatures vanquished.

Vanquished Creatures (collateral kills)
  An adder (D:2)
  An endoplasm (D:1)
  A goblin (D:1)
  A kobold (D:2)
  A frilled lizard (D:2)
5 creatures vanquished.

Vanquished Creatures (others)
  An orc wizard (D:3)
1 creature vanquished.

Grand Total: 65 creatures vanquished

Notes
Turn   | Place    | Note
-------+----------+-------------------------------------------
     0 | D:1      | Gelion the Mummy Necromancer began the quest for the Orb.
     0 | D:1      | Reached XP level 1. HP: 13/13 MP: 4/4
    52 | D:1      | Found a faded altar of an unknown god.
   131 | D:1      | Reached XP level 2. HP: 20/20 MP: 1/5
   716 | D:1      | Gained mutation: You are in touch with the powers of death.
                  | [Mummy growth]
   716 | D:1      | Reached XP level 3. HP: 25/25 MP: 5/7
   761 | D:1      | Reached skill level 1 in Fighting
  1389 | D:2      | Reached XP level 4. HP: 25/32 MP: 1/9
  1725 | D:2      | Noticed Terence
  1742 | D:2      | Killed Terence
  1755 | D:2      | Learned a level 3 spell: Vampiric Draining
  2265 | D:3      | Noticed Natasha
  2272 | D:3      | Killed Natasha
  2273 | D:3      | Reached XP level 5. HP: 38/38 MP: 4/10
  2335 | D:3      | Found a bloodstained altar of Trog.
  2509 | D:3      | HP: 1/38 [something (2)]
  2511 | D:3      | Slain by an orc wizard

Illustrated notes

Levels and vault maps discovered:
D:1:      scummos_arrival_gate, layout_basic, ebering_ecumenical_altar_mist,
          chequers_serial_rivers_small_a, minmay_hexomino_u4
D:2:      minmay_alternating_diamond, layout_loops_cross, uniq_terence
D:3:      kennysheep_slugbush, layout_basic, mainiacjoe_overflow_alcove_2,
          uniq_natasha

Skill      XL: |  1  2  3  4 |
---------------+-------------+-----
Spellcasting   | 3 |  3.8
Stealth        | 2 |  2.5
Fighting       | 1 2 |  2.0
Dodging        | 2 |  2.4
Necromancy     | |  4.6

Action                   |  1- 3 |  4- 6 || total
-------------------------+-------+-------++-------
Melee: Unarmed           |     9 |       ||     9
       Short sword       |     1 |     5 ||     6
       Staff             |       |    14 ||    14
 Cast: Necrotise         |    63 |    40 ||   103
Armor: Robe              |     5 |     5 ||    10
Dodge: Dodged            |    13 |    30 ||    43
